AoeStats
← igor41

Black Forest

509708873Analyzed
3v3 RM · 5d ago on Sep 27, 2026· 62m 40s· 6 players
Game mode
Random Map
Map size
Normal (6 player)
Population
200
Speed
Normal
Resources
Standard
Victory
Conquest
Starting age
Dark Age
Ending age
Imperial Age
RankedLock teamsTeams togetherTeam positionsShared explorationLock speedFull tech treeHidden civsTurbo modeCheats
Victory
Defeat
🇮🇹 Franks · Italy
923
+16
🇫🇷 Spanish · France
918
+16
🇲🇽 Magyars · Mexico
855
+18
🇫🇷 Italians · France
1021
-21
🇫🇷 Goths · France
887
-16
🇫🇷 Khmer · France
824
-13
poilon
10:59 Feudal Age
14:48 Castle Age
12:46 Double-Bit Axe
12:43 Horse Collar
14:18 Fletching
14:28 Padded Archer Armor
15:47 Bow Saw
15:20 Crossbowman
15:54 Loom
27:05 Ballistics
28:40 Thumb Ring
31:12 Heavy Plow
32:32 Bodkin Arrow
33:02 Squires
33:43 Wheelbarrow
32:53 Town Watch
33:09 Gold Mining
38:02 Imperial Age
35:55 Hand Cart
35:40 Town Patrol
37:15 Caravan
38:51 Leather Archer Armor
40:12 Chemistry
39:29 Guilds
38:42 Arbalester
39:41 Forging
39:32 Bracer
40:16 Ring Archer Armor
40:59 Pirotechnia
41:10 Conscription
44:32 Elite Genoese Crossbowman
51:41 Bombard Tower
51:53 Fervor
igor41
7:14 Loom
10:21 Feudal Age
11:01 Double-Bit Axe
19:58 Castle Age
18:41 Horse Collar
25:16 Scale Mail Armor
25:26 Forging
25:54 Squires
26:26 Chain Mail Armor
26:25 Bow Saw
26:18 Heavy Plow
28:22 Stone Mining
28:26 Gold Mining
29:17 Anarchy
32:05 Wheelbarrow
33:56 Stone Shaft Mining
35:08 Iron Casting
39:03 Imperial Age
37:37 Fletching
38:15 Hand Cart
39:20 Masonry
39:06 Murder Holes
39:32 Ballistics
40:28 Elite Huskarl
41:10 Perfusion
42:15 Crop Rotation
41:48 Heavy Scorpion
41:49 Capped Ram
42:22 Sappers
43:12 Conscription
43:06 Pikeman
43:43 Onager
43:50 Halberdier
45:35 Blast Furnace
48:51 Architecture
49:22 Chemistry
48:14 Heated Shot
Charlon
2:46 Loom
12:29 Feudal Age
14:42 Double-Bit Axe
14:42 Horse Collar
20:58 Castle Age
19:23 Gold Mining
22:55 Bow Saw
24:33 Heavy Plow
27:41 Stone Mining
28:26 Gold Shaft Mining
28:02 Husbandry
35:12 Imperial Age
33:48 Tusk Swords
36:59 Wheelbarrow
35:56 Elite Battle Elephant
36:52 Town Watch
36:47 Cavalier
37:44 Scale Barding Armor
37:39 Scale Mail Armor
37:49 Forging
40:25 Hand Cart
44:53 Bloodlines
60:41 Chemistry
mrusuario0001
0:41 Loom
14:42 Feudal Age
16:08 Double-Bit Axe
16:59 Wheelbarrow
16:34 Horse Collar
18:29 Gold Mining
18:32 Stone Mining
22:47 Town Watch
25:48 Castle Age
25:15 Arson
25:34 Scale Mail Armor
26:49 Bow Saw
26:40 Heavy Plow
26:56 Hand Cart
27:28 Gold Shaft Mining
27:39 Caravan
27:54 Pikeman
30:40 Town Patrol
37:18 Imperial Age
36:52 Scale Barding Armor
37:04 Chain Mail Armor
37:33 Cavalier
38:15 Husbandry
38:26 Bloodlines
38:41 Chain Barding Armor
39:46 Two-Man Saw
39:19 Crop Rotation
41:12 Parthian Tactics
40:15 Halberdier
42:04 Plate Barding Armor
41:21 Fletching
41:32 Padded Archer Armor
41:02 Paladin
42:15 Ballistics
42:56 Chemistry
41:53 Murder Holes
43:53 Block Printing
43:41 Devotion
44:06 Illumination
43:13 Heavy Cavalry Archer
43:39 Light Cavalry
45:42 Conscription
45:44 Recurve Bow
46:14 Thumb Ring
45:53 Treadmill Crane
45:57 Hussar
47:42 Bodkin Arrow
49:05 Corvinian Army
52:00 Hoardings
59:22 Man-at-Arms
60:59 Long Swordsman
61:43 Bracer
61:59 Leather Archer Armor
62:42 Sappers
Manutra
10:55 Feudal Age
16:41 Castle Age
15:04 Double-Bit Axe
19:31 Bow Saw
23:30 Wheelbarrow
22:44 Loom
22:49 Town Watch
23:38 Scale Barding Armor
23:28 Gold Mining
25:43 Gold Shaft Mining
26:14 Hand Cart
29:17 Imperial Age
28:15 Chain Barding Armor
28:07 Forging
27:50 Stone Mining
29:17 Caravan
30:56 Plate Barding Armor
30:57 Iron Casting
30:20 Cavalier
31:01 Husbandry
31:45 Paladin
34:28 Blast Furnace
33:14 Treadmill Crane
34:20 Padded Archer Armor
34:11 Fletching
35:09 Conscription
35:05 Town Patrol
36:08 Ballistics
35:42 Elite Skirmisher
40:15 Bodkin Arrow
40:36 Leather Archer Armor
47:55 Heavy Scorpion
54:54 Light Cavalry
el1312chapo
0:39 Loom
12:38 Feudal Age
13:33 Double-Bit Axe
15:00 Gold Mining
19:10 Castle Age
17:12 Stone Mining
20:22 Wheelbarrow
20:27 Elite Skirmisher
21:55 Fletching
22:06 Padded Archer Armor
27:29 Ballistics
36:15 Imperial Age
38:09 Bodkin Arrow
38:30 Leather Archer Armor
44:55 Bracer
61:52 Heavy Mounted Crossbowman
Connection lost

Rejoining the realm…

Still unreachable

The connection could not be restored.

Session expired

The server has moved on; the page needs a fresh start.